 Dungeon Crawl Stone Soup version 0.28-a0-664-gc179e30c89 (webtiles) character file.

Game seed: 13864054137863715828

2206 lawman0 the Digger (level 9, 0/76 (79) HPs)
             Began as a Troll Earth Elementalist on Oct 15, 2021.
             Was an Initiate of Wu Jian.
             Slain by a bullfrog (4 damage)
             ... on level 8 of the Dungeon.
             The game lasted 00:11:18 (6301 turns).

lawman0 the Digger (Troll Earth Elementalist)       Turns: 6301, Time: 00:11:19

HP:   0/76 (79)     AC:  6    Str: 18    XL:     9   Next: 12%
MP:   10/13         EV: 10    Int: 14    God:    Wu Jian [......]
Gold: 1456          SH:  0    Dex: 10    Spells: 6/15 levels left

rFire   . . .      SeeInvis +     - Unarmed
rCold   . . .      Faith    .   (no shield)
rNeg    . . .      Spirit   .   q - +2 robe {Will+}
rPois   .          Reflect  .   (helmet restricted)
rElec   .          Harm     .   (no cloak)
rCorr   .          Rampage  .   (gloves unavailable)
Will    +....                   (boots unavailable)
Stlth   ++........              (no amulet)
HPRegen 1.22/turn               c - ring of see invisible
MPRegen 0.13/turn               (no ring)

@: slowed, lightly drained, very slow
A: large, unfitting armour, claws 3, regeneration 1, shaggy fur 1, tough skin 1
a: Renounce Religion


You were on level 8 of the Dungeon.
You worshipped Wu Jian.
Wu Jian was noncommittal.
You visited 2 branches of the dungeon, and saw 9 of its levels.

You collected 1456 gold pieces.

Inventory:

Missiles
 f - 33 poisoned darts (quivered)
 j - 4 boomerangs
 y - 87 stones
 C - 7 javelins
Armour
 q - a +2 robe of willpower (worn)
Jewellery
 c - a ring of see invisible (left claw)
Wands
 k - a wand of digging (1)
 p - a wand of mindburst (5)
 v - a wand of polymorph (8)
 x - a wand of iceblast (21)
 E - a wand of charming (5)
Scrolls
 a - 4 scrolls of torment
 e - a scroll of noise {unknown}
 m - a scroll of brand weapon {unknown}
 n - a scroll of enchant armour {unknown}
 u - a scroll of enchant weapon {unknown}
 F - a scroll of holy word {unknown}
Potions
 b - a potion of mutation {unknown}
 d - a potion of curing
 g - 3 potions of berserk rage {unknown}
 h - a potion of ambrosia {unknown}
 i - a potion of lignification {unknown}
 l - a potion of flight {unknown}
 o - 3 potions of heal wounds
 r - a potion of invisibility {unknown}
 t - a potion of magic {unknown}
 w - a potion of resistance {unknown}
 z - a potion of cancellation {unknown}
 A - a potion of degeneration {unknown}
 B - a potion of brilliance {unknown}


   Skills:
 + Level 2.0 Fighting
 + Level 1.5 Throwing
 + Level 3.2 Dodging
 + Level 1.5 Stealth
 * Level 4.9 Unarmed Combat
 + Level 3.5 Spellcasting
 * Level 3.1 Transmutations
 * Level 0.9 Air Magic
 * Level 6.4 Earth Magic


You had 6 spell levels left.
You knew the following spells:

 Your Spells              Type           Power      Damage    Failure   Level
a - Sandblast             Erth           40%        2d10      1%          1
b - Passwall              Tmut/Erth      12%        N/A       4%          2
c - Stone Arrow           Conj/Erth      22%        3d8       16%         3
d - Swiftness             Air            5%         N/A       38%         3

Your spell library contained the following spells:

 Spells                   Type           Power      Damage    Failure   Level
 Shock                    Conj/Air       12%        1d3       17%         1
 Petrify                  Tmut/Erth      15%        N/A       28%         4
 Airstrike                Air            2%         N/A       80%         4


Dungeon Overview and Level Annotations

Branches:
Dungeon (8/15)             Temple (1/1) D:7
   Lair: D:8-11

Altars:
Ashenzari
Cheibriados
Dithmenos
Elyvilon
Gozag
Hepliaklqana
Kikubaaqudgha
Makhleb
Nemelex Xobeh
Okawaru
Qazlal
Ru
Sif Muna
Uskayaw
Vehumet
Wu Jian
Xom
Yredelemnul
Zin
The Shining One

Annotations:
D:2 Sigmund


Innate Abilities, Weirdness & Mutations

You are too large for most types of armour.
You have claws for hands.
Your natural rate of healing is unusually fast.
You are covered in fur. (AC +1)
You have tough skin. (AC +1)


Message History

The curare-tipped dart closely misses you.
Okay, then.
As you read the scroll of teleportation, it crumbles to dust.
You feel strangely unstable.
You feel very sick.
Aiming: Charm
Press: ? - help, Shift-Dir - straight line, f/p - kobold brigand
Aim: a kobold brigand, wielding a +0 short sword and quivering curare-tipped darts (severely wounded, chance to affect: 46%)
The kobold brigand is charmed.
You feel very sick.
Your kobold brigand hits the wight with a +0 short sword.
The wight hits your kobold brigand with a +2 halberd of freezing!
The wight freezes your kobold brigand.
Your kobold brigand dies!
Unknown command.
Your surroundings suddenly seem different.
A bullfrog comes into view.
Found a ring mail.
You feel very sick.
The bullfrog gives a loud, deep croak!
The bullfrog hits you.
* * * LOW HITPOINT WARNING * * *
You feel better. The bullfrog hits you.
* * * LOW HITPOINT WARNING * * *
The bullfrog completely misses you.
You scratch the bullfrog but do no damage.
The bullfrog hits you!
* * * LOW HITPOINT WARNING * * *
The bullfrog hits you.
* * * LOW HITPOINT WARNING * * *
Okay, then.
Casting: Sandblast (safe; 1% risk of failure)
Confirm with . or Enter, or press ? or * to list all spells.
Aiming: Stone Arrow (dangerous; 16% risk of failure)
Press: ? - help, Shift-Dir - straight line, f - bullfrog
Aim: a bullfrog (60% to hit)
The stone arrow hits the bullfrog!
The bullfrog is heavily wounded.
The bullfrog hits you.
You die...

# #. ##'#
##[..# #.....#
.......##
......F@#
........'......
........####...
.......##
#.....# ##...#
##+#


You could see a bullfrog.

Vanquished Creatures
  Grinder (D:3)
  An orc warrior (D:7)
  Edmund (D:4)
  A water moccasin (D:6)
  A necrophage (D:7)
  An ice beast (D:5)
  2 ogres
  A scorpion (D:4)
  A killer bee (D:6)
  4 howler monkeys
  2 jellies
  3 hounds (D:5)
  3 centaur skeletons
  Jessica (D:2)
  6 iguanas
  4 orc wizards
  Natasha (thrice) (D:2)
  Terence (D:2)
  A killer bee zombie (D:6)
  4 gnolls (D:2)
  4 adders
  8 river rats (D:6)
  A shadow imp (D:4)
  A white imp (D:6)
  An ufetubus (D:6)
  An adder skeleton (D:4)
  A worm (D:5)
  2 dart slugs
  21 orcs
  4 endoplasms
  5 giant cockroaches
  4 goblins
  11 hobgoblins
  12 quokkas
  A ball python (D:3)
  3 bats
  4 frilled lizards
  10 kobolds
  28 rats
164 creatures vanquished.

Vanquished Creatures (collateral kills)
  A bullfrog (D:7)
  2 orcs (D:7)
3 creatures vanquished.

Vanquished Creatures (others)
  A kobold brigand (D:8)
1 creature vanquished.

Grand Total: 168 creatures vanquished

Notes
Turn   | Place    | Note
-------+----------+-------------------------------------------
     0 | D:1      | lawman0 the Troll Earth Elementalist began the quest for
                  | the Orb.
     0 | D:1      | Reached XP level 1. HP: 16/16 MP: 1/1
    78 | D:1      | Reached skill level 3 in Earth Magic
   108 | D:1      | Reached XP level 2. HP: 24/24 MP: 2/2
   590 | D:1      | Found a faded altar of an unknown god.
   897 | D:2      | Noticed Jessica
   902 | D:2      | Killed Jessica
   903 | D:2      | Reached skill level 1 in Unarmed Combat
   903 | D:2      | Reached skill level 1 in Transmutations
   903 | D:2      | Reached XP level 3. HP: 31/31 MP: 0/4
   989 | D:2      | Reached XP level 4. HP: 37/39 MP: 0/5
  1087 | D:2      | Noticed Terence
  1105 | D:2      | Killed Terence
  1106 | D:2      | Reached skill level 4 in Earth Magic
  1242 | D:2      | Noticed Sigmund
  1285 | D:2      | Noticed Natasha
  1291 | D:2      | Reached XP level 5. HP: 39/45 MP: 1/6
  1299 | D:2      | Killed Natasha
  1315 | D:2      | Noticed Natasha
  1326 | D:2      | Killed Natasha
  1476 | D:2      | Noticed Natasha
  1482 | D:2      | Killed Natasha
  1488 | D:2      | Learned a level 2 spell: Passwall
  1492 | D:2      | Learned a level 3 spell: Stone Arrow
  1733 | D:2      | Reached XP level 6. HP: 53/53 MP: 3/7
  1951 | D:3      | Noticed Grinder
  2329 | D:3      | Found a hide-covered altar of Uskayaw.
  2484 | D:3      | Killed Grinder
  2485 | D:3      | Reached skill level 5 in Earth Magic
  2485 | D:3      | Reached XP level 7. HP: 56/61 MP: 1/9
  2728 | D:4      | Noticed Edmund
  2728 | D:4      | Found the +8 arc blade {discharge, rElec}
  2745 | D:4      | Killed Edmund
  3450 | D:5      | Entered Level 5 of the Dungeon
  3782 | D:5      | Reached XP level 8. HP: 68/68 MP: 11/11
  4040 | D:6      | Reached skill level 1 in Throwing
  4136 | D:6      | Reached skill level 6 in Earth Magic
  4151 | D:6      | Identified the +2 leather armour "Rerhucs" {rPois Will+}
  4419 | D:6      | Found a snail-covered altar of Cheibriados.
  4422 | D:6      | Found a broken altar of Ashenzari.
  4425 | D:6      | Found a sparkling altar of Nemelex Xobeh.
  4428 | D:6      | Found a burning altar of Makhleb.
  4519 | D:6      | Found an ornate altar of the Wu Jian Council.
  4536 | D:6      | Became a worshipper of the Wu Jian Council
  4601 | D:6      | Found a hazy altar of Hepliaklqana.
  4709 | D:6      | Reached skill level 1 in Fighting
  4758 | D:6      | Learned a level 3 spell: Swiftness
  5191 | D:7      | Found a staircase to the Ecumenical Temple.
  5206 | Temple   | Entered the Ecumenical Temple
  5346 | D:7      | Identified a scroll of acquirement
  5346 | D:7      | Acquired 920 gold pieces
  5527 | D:7      | Identified the +1 robe of Gatz {Dex+7 Slay-2}
  5570 | D:7      | Found an iron altar of Okawaru.
  5650 | D:7      | Found an opulent altar of Gozag.
  5966 | D:7      | Found a shimmering altar of Xom.
  5991 | D:7      | Reached XP level 9. HP: 79/79 MP: 13/13
  6062 | D:8      | Noticed a two-headed ogre
  6300 | D:8      | HP: 2/76 [bullfrog (4)]
  6301 | D:8      | Slain by a bullfrog

Illustrated notes

Levels and vault maps discovered:
D:1:      dpeg_arrival_arbitrary_b, layout_basic,
          shapermc_ecumenical_altar_notcrosses
D:2:      layout_rooms, uniq_natasha, uniq_sigmund, uniq_terence, uniq_jessica
D:3:      layout_rooms, mainiacjoe_overflow_concentric_impassable, uniq_grinder
D:4:      layout_gridville, uniq_edmund
D:5:      layout_rooms
D:6:      lemuel_ratsnest, layout_rooms, mainiacjoe_overflow_boulevard,
          nicolae_wu_jian_immortal_techniques, grunt_temple_overflow_cloverleaf
D:7:      layout_cave_pools, kennysheep_mini_moat, okawaru_trees_2,
          mainiacjoe_overflow_cross_hatched, minmay_temple_entry_hall
D:8:      layout_loops_corners, kb_lookout_dungeons_type
Temple:   zaba_magenta_temple

Skill      XL: |  1  2  3  4  5  6  7  8 |
---------------+-------------------------+-----
Earth Magic    | 3 4 5 6 |  6.4
Unarmed Combat | 1 2 3 4 |  4.9
Transmutations | 1 2 3 |  3.1
Spellcasting   | 2 3 |  3.5
Dodging        | 2 3 |  3.2
Throwing       | 1 |  1.5
Fighting       | 2 |  2.0
Stealth        | |  1.5
Air Magic      | |  0.9

Action                   |  1- 3 |  4- 6 |  7- 9 || total
-------------------------+-------+-------+-------++-------
Melee: Unarmed           |    51 |    79 |   212 ||   342
       Punch             |       |       |     7 ||     7
Throw: Dart              |       |     6 |       ||     6
       Large rock        |       |     8 |    33 ||    41
       Stone             |       |     1 |       ||     1
 Cast: Sandblast         |    17 |    66 |    67 ||   150
       Stone Arrow       |       |       |     8 ||     8
       Passwall          |       |       |     1 ||     1
Invok: Lunge             |       |       |     3 ||     3
Evoke: Wand              |       |       |    10 ||    10
  Use: Potion            |       |     1 |     3 ||     4
       Scroll            |       |       |     8 ||     8
 Stab: Sleeping          |       |     1 |       ||     1
       Distracted        |       |       |     1 ||     1
Armor: Robe              |    10 |    29 |   100 ||   139
Dodge: Dodged            |    34 |    59 |   178 ||   271

Table legend: (Time is in decaauts)
 A = Elapsed time spent in this place.
 B = Non-inter-level travel time spent in this place.
 C = Inter-level travel time spent in this place.
 D = Time resting spent in this place.
 E = Time spent auto-exploring this place.
 F = Levels seen in this place.
 G = Mean time per level.
                   A        B        C        D        E       F      G
               +--------+--------+--------+--------+--------+-----+--------+
         Total |   6337 |   5908 |    429 |    498 |   3978 |   9 |  704.1 |
       Dungeon |   6212 |   5801 |    411 |    498 |   3877 |   8 |  776.5 |
        Temple |    124 |    106 |     18 |      0 |    101 |   1 |  124.0 |
               +--------+--------+--------+--------+--------+-----+--------+

Top non-repeatable levels by time:
     D:2: 1181 daAuts
     D:6: 946 daAuts
     D:4: 921 daAuts
     D:1: 843 daAuts
     D:7: 834 daAuts
     D:3: 695 daAuts
     D:5: 537 daAuts
     D:8: 251 daAuts
  Temple: 124 daAuts
